 Dungeon Crawl Stone Soup version 0.25.0-9-g26727b657a (webtiles) character file.

Game seed: 9617206338126187171

10619 mortelune the Summoner (level 11, -24/84 HPs)
             Began as a Barachi Summoner on June 21, 2020.
             Was a Believer of Ashenzari.
             Killed from afar by an ice dragon (43 damage)
             ... with a blast of cold
             ... on level 9 of the Dungeon on June 22, 2020.
             The game lasted 00:38:25 (18676 turns).

mortelune the Summoner (Barachi Summoner)          Turns: 18676, Time: 00:38:25

Health: -24/84     AC: 19    Str:  9    XL:     11   Next: 64%
Magic:  2/23       EV:  9    Int: 19    God:    Ashenzari [**....]
Gold:   535        SH:  5    Dex: 13    Spells: 15/27 levels left

rFire    + . .     SeeInvis .   h - +1 trident (venom)
rCold    . . .     Gourm    .   (no shield)
rNeg     . . .     Faith    .   y - +3 scale mail {rF+} (curse)
rPois    .         Spirit   .   X - +0 helmet
rElec    .         Reflect  +   (no cloak)
rCorr    .         Harm     .   (no gloves)
MR       .....                  A - +2 pair of boots (curse)
Stlth    ..........             u - amulet of reflection (curse)
HPRegen  0.24/turn              U - +4 ring of protection (curse)
MPRegen  0.18/turn              p - +4 ring of slaying

@: about to teleport, can't hop, lightly drained, slow
A: +LOS, swims, slowness 1, strong legs 1
a: Hop, Curse Item, Scrying, Renounce Religion


You were on level 9 of the Dungeon.
You worshipped Ashenzari.
Ashenzari was pleased with you.
You were not hungry.

You visited 3 branches of the dungeon, and saw 14 of its levels.

You collected 957 gold pieces.
You spent 422 gold pieces at shops.

Inventory:

Hand Weapons
 b - a +0 spear
 h - a +1 trident of venom (weapon)
 n - a +1 whip of draining
 x - a +2 flail of protection
 C - a +1 glaive
Missiles
 d - 21 poisoned darts (quivered)
Armour
 a - a +0 robe
 y - a cursed +3 scale mail of fire resistance (worn)
 A - a cursed +2 pair of boots (worn)
 E - a cursed +0 ring mail
 Q - a +0 kite shield of positive energy
 V - a +0 troll leather armour
 X - a +0 helmet (worn)
Magical Staves
 I - an uncursed staff of fire
Jewellery
 o - a +6 ring of dexterity
 p - a +4 ring of slaying (right hand)
 u - a cursed amulet of reflection (around neck)
 G - an uncursed ring of ice
 K - an uncursed ring of ice
 O - a +4 ring of evasion
 P - an uncursed ring of poison resistance
 R - an uncursed amulet of regeneration
 U - a cursed +4 ring of protection (left hand)
Wands
 L - a wand of flame (16)
 M - a wand of random effects (14)
 T - a wand of clouds (9)
Scrolls
 e - 4 scrolls of fear
 f - 2 scrolls of fog
 i - a scroll of identify
 s - 4 scrolls of enchant weapon
 t - 5 scrolls of teleportation
 v - 2 scrolls of amnesia
 z - 6 scrolls of remove curse
 F - a scroll of vulnerability {unknown}
 H - 3 scrolls of noise {unknown}
 J - 2 scrolls of enchant armour
Potions
 g - 2 potions of flight
 j - 2 potions of haste
 k - 2 potions of invisibility
 l - 2 potions of heal wounds
 m - a potion of curing
 q - 2 potions of ambrosia
 r - 3 potions of stabbing
 w - 2 potions of magic {unknown}
 D - 5 potions of degeneration
 N - 3 potions of lignification
 S - a potion of berserk rage {unknown}
Comestibles
 c - 15 rations


   Skills:
 + Level 7.3(7.2) Fighting
 + Level 7.3(7.2) Armour
 - Level 2.1(2.0) Dodging
 - Level 1.7(1.6) Stealth
 + Level 8.9(8.8) Spellcasting
 + Level 13.0(14.0) Summonings
 - Level 6.3(7.7) Ice Magic
 + Level 6.6(7.9) Air Magic


You had 15 spell levels left.
You knew the following spells:

 Your Spells              Type           Power        Failure   Level  Hunger
a - Summon Small Mammal   Summ           ####         1%          1    None
b - Call Canine Familiar  Summ           ######..     1%          3    None
c - Summon Ice Beast      Ice/Summ       #####...     6%          4    ###....
d - Summon Lightning Spi  Summ/Air       ######..     5%          4    ###....

Your spell library contained the following spells:

 Spells                   Type           Power        Failure   Level  Hunger
 Call Imp                 Summ           ######..     1%          2    None
 Summon Guardian Golem    Hex/Summ       #####...     9%          3    None
 Animate Skeleton         Necr           N/A          45%         1    None
 Apportation              Tloc           #.....       45%         1    None
 Corona                   Hex            #......      45%         1    None
 Pain                     Necr           #...         45%         1    None
 Vampiric Draining        Necr           #.........   83%         3    None
 Silence                  Hex/Air        ###.......   95%         5    #####..
 Animate Dead             Necr           N/A          99%         4    ###....
 Cause Fear               Hex            #.........   99%         4    ###....
 Agony                    Necr           #.......     100%        5    #####..
 Yara's Violent Unravell  Hex/Tmut       #.........   100%        5    #####..
 Discord                  Hex            #.........   100%        8    #######


Dungeon Overview and Level Annotations

Branches:
Dungeon (12/15)            Temple (1/1) D:6            Lair (0/6) D:11
    Orc (1/2) D:9

Altars:
Ashenzari
Cheibriados
Dithmenos
Elyvilon
Fedhas
Gozag
Hepliaklqana
Kikubaaqudgha
Makhleb
Nemelex Xobeh
Okawaru
Qazlal
Ru
Sif Muna
Trog
Uskayaw
Vehumet
Wu Jian
Xom
Yredelemnul
Zin
The Shining One
Beogh

Shops:
D:4 (   D:6 :   D:7 *   D:8 *   D:11 (

Portals:
Ice
Cave: Orc:1

Annotations:
D:6 1 runed translucent door, IHuginn's ghost, amateur GrFi
D:12 3 runed translucent doors, Fannar; jazmu's ghost, journeyman FoEE


Innate Abilities, Weirdness & Mutations

You can be seen from farther away. (+LOS)
You can swim through water.
You cover ground slowly.
You can hop short distances.


Message History

The polar bear barely misses you. What are your orders? t - Ribbit!
Orders for allies: a - Attack new target. r - Retreat! s - Stop attacking. g - Guard the area. f - Follow me.
Anything else - Cancel.
Okay, then.
As you read the scroll of teleportation, it crumbles to dust.
You feel strangely unstable. The polar bear misses you.
The polar bear claws you but does no damage.
The polar bear closely misses you.
You kill the polar bear!
Your base Summonings skill increases to level 13!
Items here: ))) [[ a +0 falchion; a +0 leather armour; a +0 mace; a +0 leather armour; a +0 mace The ice dragon breathes frost at you.
The blast of cold hits you!!!
Ouch! That really hurt!
You die...

.#
#.#####.'.8.......8.'.#.##..
.# #.#
###...#####...#.#.##.. ##
#.# ####'###'#[##.#.##.. #.#
##...##.####.##.. #.#
#.>.##)# #.##.. #.#
##D..##(# #.##.. #.#
####[###)#.## #.##.. #.#
#..)## ##)..# #.##..
#.#######.8@# #.8.###.####
#.#.....#...# #.([#...#
#.#.######.#######)#########
#.#.# #.#.....)).........
#)#.# #...##############.
#.#.# ###.# #. #.#)# #.# #.
#.#)# #.# #. #.#.# #.# #.


You could see an ice dragon (catching breath).

Vanquished Creatures
  An orc knight (D:9)
  An orc sorcerer (Orc:1)
  A cyclops (D:11)
  A polar bear (D:9)
  3 hippogriffs
  5 yaks
  Edmund (D:4)
  A water moccasin (D:12)
  An orc warrior (D:8)
  2 ice beasts
  An ogre (D:11)
  A gnoll sergeant (D:8)
  A bullfrog (D:11)
  A killer bee (D:9)
  A nameless horror (D:11)
  A howler monkey (D:7)
  2 bullfrog zombies
  A crimson imp (D:5)
  3 centaur zombies
  4 orc priests
  3 hounds
  A bullfrog skeleton (D:6)
  2 iguanas
  2 orc wizards
  Terence (D:3)
  5 worker ants
  A hound skeleton (D:7)
  A worker ant zombie (D:7)
  2 gnolls (D:2)
  5 adders
  A shadow imp (D:5)
  3 oozes
  An adder zombie (D:9)
  2 worms
  4 dart slugs
  3 leopard geckos
  26 orcs
  4 giant cockroaches
  A goblin (D:2)
  6 hobgoblins
  7 jackals
  3 quokkas
  A bat (D:3)
  5 frilled lizards
  7 kobolds
  A quokka skeleton (D:4)
  2 quokka zombies
  4 rats
137 creatures vanquished.

Vanquished Creatures (collateral kills)
  A two-headed ogre (D:12)
  2 cyclopes (D:11)
  A gargoyle (D:10)
  A komodo dragon (D:11)
  2 trolls
  A hippogriff (D:9)
  A hornet (D:11)
  Grinder (D:5)
  A slime creature (D:8)
  A wyvern (D:9)
  20 yaks
  2 hungry ghosts
  3 black bears
  3 sky beasts
  An ice beast (D:7)
  6 orc warriors
  A necrophage (D:10)
  2 wolves (Orc:1)
  14 ogres
  3 centaurs
  A crocodile (D:10)
  A big kobold (D:10)
  3 bullfrogs
  A gnoll sergeant (D:7)
  3 scorpions
  4 killer bees (D:9)
  5 howler monkeys (D:7)
  5 wights (D:10)
  3 crimson imps
  2 bullfrog zombies (D:11)
  A quasit (D:9)
  14 orc priests
  5 jellies
  A centaur skeleton (D:4)
  9 hounds
  4 iguanas
  A bullfrog skeleton (D:11)
  17 orc wizards
  8 worker ants
  2 gnolls (D:2)
  12 adders
  3 shadow imps
  3 oozes (D:8)
  An adder zombie (D:9)
  A worm (D:2)
  A leopard gecko (D:5)
  42 orcs
  A ball python (D:1)
  A giant cockroach (D:1)
  A goblin (D:1)
  A hobgoblin (D:2)
  4 jackals
  2 quokkas
  2 bats
  3 kobolds (D:10)
  A quokka skeleton (D:7)
  2 rats
238 creatures vanquished.

Vanquished Creatures (others)
  An unseen horror (D:11)
  An orc (D:9)
  2 plants (D:11)
4 creatures vanquished.

Grand Total: 379 creatures vanquished

Notes
Turn   | Place    | Note
-------+----------+-------------------------------------------
     0 | D:1      | mortelune the Barachi Summoner began the quest for the Orb.
     0 | D:1      | Reached XP level 1. HP: 13/13 MP: 3/3
   298 | D:1      | Reached skill level 5 in Summonings
   420 | D:1      | Reached XP level 2. HP: 13/19 MP: 3/5
  1757 | D:2      | Reached XP level 3. HP: 24/24 MP: 6/6
  1789 | D:2      | Found a burning altar of Makhleb.
  1816 | D:2      | Learned a level 3 spell: Call Canine Familiar
  2026 | D:2      | Found a shadowy altar of Dithmenos.
  2031 | D:2      | Noticed a shadow
  2038 | D:2      | Found a hazy altar of Hepliaklqana.
  2232 | D:2      | Reached skill level 6 in Summonings
  2232 | D:2      | Reached XP level 4. HP: 14/30 MP: 2/8
  3043 | D:2      | Learned a level 4 spell: Summon Ice Beast
  3511 | D:3      | Noticed Terence
  3571 | D:3      | Reached skill level 1 in Ice Magic
  3571 | D:3      | Reached XP level 5. HP: 30/35 MP: 2/10
  3702 | D:3      | Killed Terence
  4191 | D:4      | Found a blossoming altar of Fedhas.
  4227 | D:4      | Reached skill level 7 in Summonings
  4284 | D:4      | Found a snail-covered altar of Cheibriados.
  4377 | D:4      | Found Ibbod's Weapon Boutique.
  4404 | D:4      | Noticed Edmund
  4439 | D:4      | Killed Edmund
  4439 | D:4      | Reached XP level 6. HP: 18/41 MP: 3/11
  5114 | D:4      | Found an ancient bone altar of Kikubaaqudgha.
  5144 | D:4      | Found a white marble altar of Elyvilon.
  5466 | D:5      | Entered Level 5 of the Dungeon
  5564 | D:5      | Reached skill level 8 in Summonings
  5564 | D:5      | Reached XP level 7. HP: 46/46 MP: 11/13
  5780 | D:5      | Noticed Grinder
  5794 | D:5      | Killed Grinder
  6058 | D:5      | Reached skill level 9 in Summonings
  6515 | D:5      | Reached skill level 5 in Spellcasting
  6515 | D:5      | Reached XP level 8. HP: 48/52 MP: 15/15
  6565 | D:6      | Found a staircase to the Ecumenical Temple.
  6591 | Temple   | Entered the Ecumenical Temple
  6665 | Temple   | Became a worshipper of Ashenzari the Shackled
  6845 | D:6      | Found Hoguzynt's Book Shoppe.
  6928 | D:6      | Found a runed translucent door.
  6929 | D:6      | Noticed IHuginn's ghost (amateur GrFi)
  7393 | D:6      | Noticed a hippogriff
  7813 | D:7      | Reached skill level 5 in Ice Magic
  7829 | D:7      | Reached skill level 10 in Summonings
  8255 | D:7      | Learned a level 4 spell: Summon Lightning Spire
  8497 | D:7      | Found Wusan's Assorted Antiques.
  8622 | D:7      | Noticed a troll
  8633 | D:7      | Killed a troll
  8633 | D:7      | Reached XP level 9. HP: 22/57 MP: 8/18
  8812 | D:7      | Reached skill level 11 in Summonings
  9270 | D:7      | Reached skill level 1 in Armour
  9274 | D:7      | Bought 2 smoky amethyst potions for 34 gold pieces
  9274 | D:7      | Bought a metallic red potion for 17 gold pieces
  9274 | D:7      | Bought a coral ring for 95 gold pieces
  9274 | D:7      | Bought a scroll labeled CINIOCOKLUGG for 19 gold pieces
  9274 | D:7      | Bought a smoky amethyst potion for 17 gold pieces
  9290 | D:7      | Reached * piety under Ashenzari
  9346 | D:8      | Found a shimmering altar of Xom.
  9371 | D:8      | Reached skill level 1 in Fighting
  9371 | D:8      | Reached skill level 1 in Air Magic
  9631 | D:8      | Found a runed translucent door.
  9639 | D:8      | Found Taaps's Assorted Antiques.
  9659 | D:8      | Bought a glowing peridot ring for 80 gold pieces
  9659 | D:8      | Bought a potion of invisibility for 128 gold pieces
  9659 | D:8      | Bought a scroll labeled JELUIKLE YWUHU for 16 gold pieces
  9659 | D:8      | Bought a scroll labeled JELUIKLE YWUHU for 16 gold pieces
 10715 | D:8      | Found a runed translucent door.
 11656 | D:9      | Found a staircase to the Orcish Mines.
 11780 | D:9      | Reached XP level 10. HP: 29/70 MP: 7/20
 13243 | D:9      | Found a sparkling altar of Nemelex Xobeh.
 13487 | D:9      | Found a roughly hewn altar of Beogh.
 13636 | D:10     | Entered Level 10 of the Dungeon
 14285 | D:10     | Reached skill level 12 in Summonings
 14293 | D:10     | Reached skill level 5 in Armour
 14297 | D:10     | Reached skill level 5 in Fighting
 14544 | D:10     | Reached ** piety under Ashenzari
 14723 | D:10     | Noticed a gargoyle
 14736 | D:10     | Killed a gargoyle
 15159 | D:11     | Found a staircase to the Lair.
 15320 | D:11     | Reached skill level 5 in Air Magic
 15527 | D:11     | Noticed a cyclops
 15540 | D:11     | Killed a cyclops
 15665 | D:11     | Reached XP level 11. HP: 68/81 MP: 9/23
 16385 | D:11     | Noticed a cyclops
 16405 | D:11     | Killed a cyclops
 16576 | D:11     | Found Gogoetu's Antique Weapon Shop.
 16724 | D:11     | Noticed a cyclops
 16730 | D:11     | Killed an unseen horror
 16736 | D:11     | Killed a cyclops
 17176 | D:12     | Found a runed translucent gate.
 17176 | D:12     | Found a runed translucent gate.
 17177 | D:12     | Found a runed translucent gate.
 17177 | D:12     | Noticed jazmu's ghost (journeyman FoEE)
 17473 | D:12     | Identified the +1 chain mail "Zoeggug" {Int+6 Dex+2}
 17505 | D:12     | Noticed a two-headed ogre
 17533 | D:12     | Killed a two-headed ogre
 17820 | D:12     | Noticed Fannar
 17956 | Orc:1    | Entered Level 1 of the Orcish Mines
 17956 | Orc:1    | Noticed an orc sorcerer
 17957 | Orc:1    | Noticed an orc knight
 18016 | D:9      | Killed an orc knight
 18301 | Orc:1    | Killed an orc sorcerer
 18361 | Orc:1    | Found a frozen archway.
 18361 | Orc:1    | Noticed an ice dragon
 18675 | D:9      | Reached skill level 13 in Summonings
 18676 | D:9      | Killed from afar by an ice dragon

Illustrated notes

Levels and vault maps discovered:
D:1:      minmay_arrival_jagged, layout_loops_ring
D:2:      layout_loops_ring, riverfiend_overflow_shadow_ancestor,
          lemuel_crystal_altar, minmay_tetromino_o2
D:3:      layout_loops_ring, uniq_terence
D:4:      layout_loops_ring, fedhas_ov_isle_minmay, kiku_gazebo_pond_becter,
          kennysheep_slug_shrine, serial_shops, shop, elyvilon_altar_1,
          uniq_edmund
D:5:      layout_basic, first_ration, uniq_grinder
D:6:      layout_loops_ring, minmay_temple_entry_waves, serial_shops,
          kennysheep_mini, ebering_ghost_sewer_f, serial_bayou_pond_d
D:7:      hangedman_cross_stitches, layout_basic, serial_shops,
          nicolae_shop_statue_plus
D:8:      cheibrodos_histonic, layout_basic, serial_shops,
          nicolae_shop_overgrown_old_shop, hangedman_little_slice_of_home,
          xom_teletrap_fun
D:9:      layout_basic, nemelex_xobeh_ov_fountains_minmay, hiddenorc2_lemuel,
          grunt_ministairs_10, david_defended_altar_orc
D:10:     layout_cave_pools
D:11:     layout_basic, david_lair_shrubbed, serial_shops, shop,
          minmay_statues_item, minmay_starry_boxes
D:12:     layout_loops_ring, basic_altar, gammafunk_ghost_necromancy,
          uniq_azrael, uniq_fannar, uniq_snorg
Temple:   eino_temple_lava
Orc:1:    layout_diamond_mine, portal_ice_cave_entry_animals_and_master

Skill      XL: |  1  2  3  4  5  6  7  8  9 10 11 |
---------------+----------------------------------+-----
Summonings     | 5 6 7 8 9 10 11 12 13 | 13.0
Spellcasting   | 3 4 5 6 7 8 |  8.9
Ice Magic      | 1 2 3 4 6 |  6.3
Armour         | 3 6 7 |  7.3
Fighting       | 3 6 7 |  7.3
Air Magic      | 3 5 6 |  6.6
Dodging        | |  2.1
Stealth        | |  1.7

Action                   |  1- 3 |  4- 6 |  7- 9 | 10-12 || total
-------------------------+-------+-------+-------+-------++-------
Melee: Spear             |    71 |       |       |       ||    71
       Whip              |    24 |    58 |       |       ||    82
       Flail             |       |    36 |   145 |       ||   181
       Trident           |       |       |    64 |   173 ||   237
Throw: Dart              |     1 |     5 |     5 |       ||    11
 Cast: Summon Small Mamm |    12 |     3 |     1 |       ||    16
       Call Canine Famil |     2 |    15 |     7 |     5 ||    29
       Summon Ice Beast  |       |    11 |    60 |    89 ||   160
       Summon Lightning  |       |       |    13 |    53 ||    66
Invok: Curse Item        |       |       |     1 |     3 ||     4
 Abil: Hop               |       |     1 |     3 |     8 ||    12
  Use: Scroll            |       |     5 |    13 |     3 ||    21
       Potion            |       |       |     1 |       ||     1
 Stab: Sleeping          |     3 |     1 |     1 |     1 ||     6
       Distracted        |       |       |     1 |     1 ||     2
  Eat: Chunk             |     5 |    14 |    29 |    19 ||    67
       Ration            |       |       |     1 |     6 ||     7
Armor: Robe              |    23 |    16 |   101 |    11 ||   151
       Troll leather arm |       |       |       |    34 ||    34
       Scale mail        |       |       |       |    42 ||    42
Dodge: Dodged            |    53 |    54 |   161 |   119 ||   387
Block: Other             |     9 |    24 |    59 |    59 ||   151
       Reflection        |       |     1 |     1 |     5 ||     7
